AoeStats
← Teetrinker

Lombardia

508270361Analyzed
2v2 RM · 10d ago on Sep 21, 2026· 35m 50s· 4 players
Game mode
Random Map
Map size
Medium (4 player)
Population
200
Speed
Normal
Resources
Standard
Victory
Conquest
Starting age
Dark Age
Ending age
Imperial Age
RankedLock teamsTeams togetherTeam positionsShared explorationLock speedFull tech treeHidden civsTurbo modeCheats
Victory
Defeat
🇩🇪 Khmer · Germany
1107
+16
🇩🇪 Teutons · Germany
1041
+19
🇺🇸 Berbers · United States
1165
-20
🇺🇸 Hindustanis · United States
1056
-15
Punishmant
5:35 Loom
9:08 Feudal Age
10:02 Double-Bit Axe
12:49 Horse Collar
18:01 Castle Age
16:46 Scale Barding Armor
17:40 Forging
18:29 Bloodlines
18:57 Heavy Plow
19:08 Bow Saw
19:14 Stone Mining
23:13 Wheelbarrow
24:24 Iron Casting
25:06 Fervor
25:17 Husbandry
26:36 Gold Mining
29:37 Hand Cart
32:22 Imperial Age
32:12 Chain Barding Armor
32:25 Grand Trunk Road
34:20 Two-Man Saw
33:47 Conscription
33:29 Shatagni
34:35 Chemistry
33:24 Heavy Camel Rider
captainducksauce779
6:01 Loom
9:43 Feudal Age
10:15 Double-Bit Axe
14:11 Horse Collar
19:01 Castle Age
17:14 Gold Mining
18:18 Stone Mining
18:58 Scale Barding Armor
22:45 Husbandry
23:53 Bloodlines
24:41 Chain Barding Armor
26:53 Devotion
28:36 Bow Saw
35:31 Imperial Age
Berni4778
7:34 Loom
12:21 Feudal Age
15:28 Castle Age
15:24 Double-Bit Axe
17:46 Bow Saw
17:50 Horse Collar
22:20 Heavy Plow
23:06 Scale Mail Armor
23:16 Forging
23:19 Pikeman
25:37 Chain Mail Armor
27:21 Iron Casting
31:49 Imperial Age
30:11 Town Watch
31:02 Wheelbarrow
31:11 Arson
32:42 Scale Barding Armor
33:40 Blast Furnace
32:06 Halberdier
34:47 Onager
34:50 Capped Ram
Teetrinker
11:08 Feudal Age
14:56 Castle Age
14:08 Double-Bit Axe
14:42 Horse Collar
17:13 Bow Saw
22:45 Wheelbarrow
23:27 Gold Mining
24:36 Hand Cart
25:24 Loom
25:24 Town Watch
28:43 Imperial Age
26:49 Forging
26:44 Scale Barding Armor
27:58 Bloodlines
28:25 Iron Casting
28:45 Chain Barding Armor
29:21 Cavalier
30:19 Stone Mining
31:42 Blast Furnace
31:17 Plate Barding Armor
31:27 Town Patrol
32:09 Paladin
Connection lost

Rejoining the realm…

Still unreachable

The connection could not be restored.

Session expired

The server has moved on; the page needs a fresh start.